 Dungeon Sprint DCSS version 0.20.1-1-g8b1a95d (webtiles) character file.

298 Kingsmith the Fighter (level 8, -11/82 HPs)
             Began as a Minotaur Fighter on Dec 14, 2017.
             Was a High Priest of Qazlal.
             Mangled by the 27-headed Lernaean hydra (12 damage)
             ... in the Dungeon (Sprint VI: "Thunderdome").
             The game lasted 00:07:32 (681 turns).

Kingsmith the Fighter (Minotaur Fighter)             Turns: 681, Time: 00:07:33

Health: -11/82     AC:  4    Str: 26    XL:     8   Next: 15%
Magic:  15/15      EV: 10    Int:  5    God:    Qazlal [*****.]
Gold:   6          SH: 21    Dex: 10    Spells: 7/7 levels left

rFire    + + .     SeeInvis .   a - +0 long sword
rCold    . . .     Gourm    .   c - +0 shield
rNeg     . . .     Faith    .   q - +0 troll leather armour
rPois    +         Spirit   .   (helmet restricted)
rElec    +         Reflect  +   p - +0 cloak
rCorr    +         Harm     .   (no gloves)
MR       .....     NoTele   +   (no boots)
Stlth    +.........             r - amulet "Zeudoew" {Reflect Str+3 SH+3}
Regen    0.7/turn               b - ring "Pedghefu" {AC-2 Slay+2} (curse)
MPRegen  0.2/turn               s - ring "Nozabb" {rCorr *Corrode rElec rPois rF++}

@: protected from physical damage, corroded, repel missiles
A: retaliatory headbutt, horns 2
a: Upheaval, Elemental Force, Disaster Area, Renounce Religion


You were in the Dungeon.
You worshipped Qazlal.
Qazlal was extremely pleased with you.
You were not hungry.

You visited 1 branch You collected 600 gold pieces.
You spent 594 gold pieces at shops.

Inventory:

Hand Weapons
 a - a +0 long sword (weapon)
Armour
 c - a +0 shield (worn)
 p - a +0 cloak (worn)
 q - a +0 troll leather armour (worn)
Jewellery
 b - the cursed ring "Pedghefu" (left hand) {AC-2 Slay+2}
   (You bought it in a shop in the Dungeon)

   [ring of protection]

   It affects your AC (-2).
   It affects your accuracy and damage with ranged weapons and melee attacks
   (+2).
   It has a curse placed upon it.
 r - the amulet "Zeudoew" (around neck) {Reflect Str+3 SH+3}
   (You bought it in a shop in the Dungeon)

   [amulet of reflection]

   It shields you and reflects attacks.
   It affects your strength (+3).
   It affects your SH (+3).
 s - the ring "Nozabb" (right hand) {rCorr *Corrode rElec rPois rF++}
   (You bought it in a shop in the Dungeon)

   [ring of resist corrosion]

   It greatly protects you from fire.
   It insulates you from electricity.
   It protects you from poison.
   It may corrode you when you take damage.
 t - an uncursed ring of see invisible
Wands
 l - a wand of acid (5/15)
 m - a wand of iceblast (5/15)
Scrolls
 k - 4 scrolls of blinking
 n - 3 scrolls of fog
Potions
 d - a potion of might
 e - a potion of curing
 g - 3 potions of heal wounds
 h - 4 potions of haste
 i - 2 potions of magic
 j - a potion of berserk rage
 o - a potion of resistance
Comestibles
 f - a bread ration


   Skills:
 - Level 11.5 Fighting
 - Level 2.6 Long Blades
 + Level 9.8 Armour
 + Level 9.7 Shields
 - Level 11.0 Invocations


You had 7 spell levels left.
You didn't know any spells.

Dungeon Overview and Level Annotations

Branches:
Dungeon (1/1)

Altars:
Cheibriados
Dithmenos
Fedhas
Gozag
Kikubaaqudgha
Makhleb
Okawaru
Qazlal
Ru
Sif Muna
Trog
Uskayaw
Vehumet
Xom
Yredelemnul
Zin
The Shining One
Beogh
Jiyva
Lugonu

Shops:
D *[%??*?*:[((!!!!

Annotations:
D Lernaean hydra


Innate Abilities, Weirdness & Mutations

You reflexively headbutt those who attack you in melee.
You have a pair of horns on your head.


Message History

You block the 27-headed Lernaean hydra's attack.
The 27-headed Lernaean hydra bites you but does no damage.
The 27-headed Lernaean hydra closely misses you.
The 27-headed Lernaean hydra bites you!
You feel protected from physical attacks.
You block the 27-headed Lernaean hydra's attack.
The 27-headed Lernaean hydra bites you but does no damage.
The 27-headed Lernaean hydra bites you! x3
The 27-headed Lernaean hydra bites you.
* * * LOW HITPOINT WARNING * * *
You feel more protected from physical attacks.
The 27-headed Lernaean hydra bites you.
* * * LOW HITPOINT WARNING * * *
Your corrosive artefact corrodes you!
The 27-headed Lernaean hydra bites you.
* * * LOW HITPOINT WARNING * * *
The 27-headed Lernaean hydra bites you!
* * * LOW HITPOINT WARNING * * *
You feel more protected from physical attacks.
The 27-headed Lernaean hydra bites you!
You die...

#.....# ##.....## ##∩.....∩##
#∩.......∩# #_......._#
#_......._# #_...÷....#
###.D.......###
#⌠.@.§÷......⌠#
######.8.§§......8.######
##∩.__.§.§§.###......___∩#
###∩.......†8.# #.8........∩
##........§....###...........
#⌠..........###...###÷.......
#⌠..........# #.<.# #........
#⌠........†.###...###........
##.............###...........


You could see the 27-headed Lernaean hydra.

Vanquished Creatures
  2 tarantellas (D)
  A redback (D)
  2 hell hounds (D)
  3 wolves (D)
  4 scorpions (D)
  A hound (D)
  7 adders (D)
  4 ball pythons (D)
24 creatures vanquished.

Notes
Turn   | Place    | Note
-------+----------+-------------------------------------------
     0 | D        | Kingsmith the Minotaur Fighter began the quest for the Orb.
     0 | D        | Reached XP level 1. HP: 19/19 MP: 0/0
     1 | D        | Found a bloodstained altar of Trog.
     1 | D        | Found a glowing silver altar of Zin.
     2 | D        | Found an ancient bone altar of Kikubaaqudgha.
     3 | D        | Found a corrupted altar of Lugonu.
     3 | D        | Found a glowing golden altar of the Shining One.
     4 | D        | Found a sacrificial altar of Ru.
     4 | D        | Found a basalt altar of Yredelemnul.
     4 | D        | Found Amin's Premium Goods.
     4 | D        | Found Ellonous's Weapon Rack.
     5 | D        | Found Biwug's Miscellaneous Merchandise.
     5 | D        | Found Upeuc's Basic Armour.
     5 | D        | Round 1.
     7 | D        | Found a blossoming altar of Fedhas.
     8 | D        | Found Engas's Identification Station.
     8 | D        | Found a shadowy altar of Dithmenos.
     8 | D        | Found a shimmering altar of Xom.
     8 | D        | Found Xakeokao's Bee Food.
     9 | D        | Found Fawkes's Advanced Armour.
     9 | D        | Found Nezxasae's Jewellery.
    12 | D        | Found a deep blue altar of Sif Muna.
    13 | D        | Found a stormy altar of Qazlal.
    14 | D        | Found a viscous altar of Jiyva.
    15 | D        | Found Zugu's Magic Scroll Shop.
    16 | D        | Found Juots's Magic Scroll Shop.
    16 | D        | Found Ischeury's Must-Have Magic.
    21 | D        | Became a worshipper of Qazlal Stormbringer
    25 | D        | Reached XP level 2. HP: 20/28 MP: 1/1
    47 | D        | Reached * piety under Qazlal
    61 | D        | Reached XP level 3. HP: 28/34 MP: 2/5
    76 | D        | Arena points: 12 (+12) [x2]
   114 | D        | Bought a +0 troll leather armour for 180 gold pieces
   127 | D        | Found a snail-covered altar of Cheibriados.
   129 | D        | Found a radiant altar of Vehumet.
   130 | D        | Found Dateij's Do-It-Yourself Clinic.
   131 | D        | Found Cuz Punk's Bottled Wisdom.
   131 | D        | Found Jeagg's Distillery.
   132 | D        | Found a hide-covered altar of Uskayaw.
   132 | D        | Found an iron altar of Okawaru.
   132 | D        | Found a burning altar of Makhleb.
   132 | D        | Found Laxzad's Distillery.
   138 | D        | Found a roughly hewn altar of Beogh.
   139 | D        | Found an opulent altar of Gozag.
   140 | D        | Found Ukeun's Staff Store.
   142 | D        | Round 2.
   147 | D        | Reached ** piety under Qazlal
   152 | D        | Reached skill level 5 in Invocations
   255 | D        | Reached *** piety under Qazlal
   263 | D        | Arena points: 54 (+42) [x3]
   263 | D        | Reached XP level 4. HP: 41/41 MP: 7/7
   320 | D        | Bought a +0 cloak for 54 gold pieces
   322 | D        | Round 3.
   354 | D        | Noticed a wolf
   362 | D        | Killed a wolf
   362 | D        | Reached XP level 5. HP: 47/47 MP: 7/10
   366 | D        | Noticed a wolf
   384 | D        | Killed a wolf
   413 | D        | Bought a steaming ivory ring for 45 gold pieces
   415 | D        | Identified the cursed ring "Pedghefu" {AC-2 Slay+2} (You bought it in a shop in the Dungeon)
   423 | D        | Noticed a hell hound
   432 | D        | Killed a hell hound
   432 | D        | Reached **** piety under Qazlal
   432 | D        | Reached XP level 6. HP: 30/62 MP: 13/13
   437 | D        | Noticed a hell hound
   441 | D        | Reached skill level 10 in Fighting
   445 | D        | Killed a hell hound
   445 | D        | Arena points: 138 (+84) [x4]
   484 | D        | Bought a transparent steel amulet for 45 gold pieces
   484 | D        | Bought a transparent golden ring for 45 gold pieces
   485 | D        | Identified the amulet "Zeudoew" {Reflect Str+3 SH+3} (You bought it in a shop in the Dungeon)
   486 | D        | Identified the ring "Nozabb" {rCorr *Corrode rElec rPois rF++} (You bought it in a shop in the Dungeon)
   516 | D        | Round 4.
   535 | D        | Reached skill level 5 in Armour
   535 | D        | Reached skill level 5 in Shields
   535 | D        | Reached XP level 7. HP: 72/74 MP: 14/14
   539 | D        | Noticed a tarantella
   546 | D        | Killed a tarantella
   548 | D        | Reached ***** piety under Qazlal
   550 | D        | Noticed a tarantella
   555 | D        | Killed a tarantella
   630 | D        | Reached XP level 8. HP: 70/82 MP: 15/15
   652 | D        | Arena points: 298 (+160) [x5]
   664 | D        | Bought an uncursed ring of see invisible for 225 gold pieces
   670 | D        | Round 5.
   678 | D        | Noticed the 27-headed Lernaean hydra
   681 | D        | HP: 1/82 [the 27-headed Lernaean hydra (13)]
   681 | D        | Mangled by the 27-headed Lernaean hydra

Skill      XL: |  1  2  3  4  5  6  7 |
---------------+----------------------+-----
Fighting       | 4 8 11 | 11.5
Armour         | 4 5 9 |  9.8
Shields        | 4 5 9 |  9.7
Invocations    | 4 6 9 11 | 11.0
Long Blades    | |  2.6

Action                   |  1- 3 |  4- 6 |  7- 9 || total
-------------------------+-------+-------+-------++-------
Melee: Long sword        |    21 |    28 |    19 ||    68
       Headbutt          |     3 |     8 |     5 ||    16
Invok: Elemental Force   |       |     1 |       ||     1
  Use: Potion            |       |     1 |       ||     1
Armor: Scale mail        |     6 |       |       ||     6
       Troll leather arm |       |     9 |     5 ||    14
Dodge: Dodged            |    12 |    13 |     6 ||    31
Block: Shield            |    16 |    32 |    26 ||    74
       Rpst.: Long sword |     1 |     6 |     3 ||    10
